 Dungeon Crawl Stone Soup version 0.23.0 (webtiles) character file.

Game seed: 9475650248798204371

103 tuf08440 the Skirmisher (level 4, -4/48 HPs)
             Began as an Ogre Gladiator on Feb 22, 2019.
             Killed from afar by an orc wizard (8 damage)
             ... with a puff of frost
             ... on level 3 of the Dungeon.
             The game lasted 00:03:47 (1672 turns).

tuf08440 the Skirmisher (Ogre Gladiator)            Turns: 1672, Time: 00:03:47

Health: -4/48      AC:  3    Str: 18    XL:     4   Next: 79%
Magic:  4/4        EV: 11    Int: 10    God:
Gold:   100        SH:  0    Dex: 10    Spells: 3/3 levels left

rFire    . . .     SeeInvis .   a - +0 war axe
rCold    . . .     Gourm    .   (no shield)
rNeg     . . .     Faith    .   b - +0 robe
rPois    .         Spirit   .   c - +0 hat
rElec    .         Reflect  .   (no cloak)
rCorr    .         Harm     .   (gloves unavailable)
MR       .....                  (boots unavailable)
Stlth    +.........             (no amulet)
HPRegen  0.16/turn              (no ring)
MPRegen  0.09/turn              (no ring)

@: no status effects
A: large, unfitting armour, tough skin 1
a: no special abilities


You were on level 3 of the Dungeon.
You were not hungry.

You visited 1 branch of the dungeon, and saw 3 of its levels.

You collected 100 gold pieces.

Inventory:

Hand Weapons
 a - a +0 war axe (weapon)
Missiles
 d - 2 throwing nets (quivered)
 m - 71 stones
Armour
 b - a +0 robe (worn)
 c - a +0 hat (worn)
Scrolls
 i - a scroll of identify {unknown}
 j - 2 scrolls of remove curse {unknown}
 n - 2 scrolls of teleportation {unknown}
 o - a scroll of immolation {unknown}
Potions
 e - a potion of heal wounds {unknown}
 h - 2 potions of lignification {unknown}
 k - a potion of might {unknown}
 l - a potion of curing {unknown}
Comestibles
 f - 2 rations


   Skills:
 * Level 4.2 Fighting
 * Level 3.9 Axes
 - Level 2.0 Throwing
 * Level 3.5 Dodging


You had 3 spell levels left.
You didn't know any spells.
Your spell library was empty.

Dungeon Overview and Level Annotations

Branches:
Dungeon (3/15)

Altars:
Ashenzari


Innate Abilities, Weirdness & Mutations

You are too large for most types of armour.
You have tough skin. (AC +1)


Message History

* * * LOW HITPOINT WARNING * * *
You miss something.
Something hits you but does no damage. x2
You miss something.
You hear some strange, mumbled words.
A magic dart appears from out of thin air!
The magic dart hits you!
* * * LOW HITPOINT WARNING * * *
The orc wizard mumbles some strange words.
The orc wizard seems to speed up.
Quiver which item? (- for none, * to show all) (? for menu, Esc to quit)
Quivering
d - 3 throwing nets for throwing.
Throwing (i - inventory. (/) - cycle)
d - 3 throwing nets (quivered)
Press: ? - help, Shift-Dir - straight line, f - orc wizard
Aim: an orc wizard, wielding a +0 dagger and wearing a +0 robe (lightly wounded, fast)
You throw a throwing net. The throwing net hits the orc wizard.
The orc wizard is caught in the net!
The orc wizard is lightly wounded.
The orc wizard gestures at you while chanting.
The puff of frost hits you!
You die...

#. #.######.# ##.##
#........#
##...######.########
..._......#.#
#...##.#...# ##.#
#.#.### #.###.#.####
#.....#..).#
#####.########@#
###..#..# #{#
........# .o#
.##..##.# .###
.###..#.# #. .#
#..#.###. # .#
#........ .#
#...#######
.####...##...#


You could see an orc wizard (caught).

Vanquished Creatures
  An orc wizard (D:3)
  A gnoll (D:1)
  2 adders
  2 oozes
  A worm (D:2)
  A leopard gecko (D:3)
  An orc (D:3)
  7 bats
  2 giant cockroaches
  A goblin (D:1)
  2 hobgoblins (D:2)
  A quokka (D:2)
  3 frilled lizards
  6 kobolds
  7 rats
38 creatures vanquished.

Notes
Turn   | Place    | Note
-------+----------+-------------------------------------------
     0 | D:1      | tuf08440 the Ogre Gladiator began the quest for the Orb.
     0 | D:1      | Reached XP level 1. HP: 22/22 MP: 1/1
    83 | D:1      | Reached skill level 3 in Fighting
    91 | D:1      | Reached XP level 2. HP: 14/31 MP: 2/2
   452 | D:2      | Reached XP level 3. HP: 32/37 MP: 3/3
  1207 | D:3      | Reached XP level 4. HP: 30/48 MP: 4/4
  1424 | D:3      | Found a shattered altar of Ashenzari.
  1621 | D:3      | Reached skill level 4 in Fighting
  1672 | D:3      | Killed from afar by an orc wizard

Skill      XL: |  1  2  3  4 |
---------------+-------------+-----
Fighting       | 3 4 |  4.2
Dodging        | 3 |  3.5
Axes           | |  3.9
Throwing       | |  2.0

Action                   |  1- 3 |  4- 6 || total
-------------------------+-------+-------++-------
Melee: War axe           |    95 |    30 ||   125
Throw: Stone             |     3 |       ||     3
       Throwing net      |       |     1 ||     1
 Stab: Sleeping          |     1 |       ||     1
  Eat: Chunk             |     1 |     2 ||     3
Armor: Robe              |    41 |     9 ||    50
Dodge: Dodged            |    74 |    14 ||    88
